 Dungeon Crawl Stone Soup version 0.31-a0-818-ge7c7cf74f0 (webtiles) character file.

Game seed: 9400202607968855837

2 IdlyInterested the Trooper (level 1, -1/18 HPs)
             Began as a Demonspawn Fighter on Sept 22, 2023.
             Slain by a kobold
             ... wielding a +2 short sword of freezing
              (2 damage)
             ... on level 1 of the Dungeon.
             The game lasted 00:00:25 (80 turns).

IdlyInterested the Trooper (Demonspawn Fighter)       Turns: 80, Time: 00:00:25

Health: -1/18      AC:  6    Str: 16    XL:     1   Next: 33%
Magic:  1/1        EV:  8    Int:  9    God:
Gold:   7          SH:  4    Dex: 12    Spells: 0/0 levels left

rFire   . . .        a - +0 rapier
rCold   . . .        c - +0 buckler
rNeg    . . .        b - +0 scale mail
rPois   .            (no helmet)
rElec   .            (no cloak)
rCorr   .            (no gloves)
SInv    .            (no boots)
Will    .....        (no amulet) Stlth
                     (no ring)
HPRegen 0.23/turn    (no ring)
MPRegen 0.07/turn

%: no passive effects
@: no status effects
A: no striking features
a: no special abilities


You were on level 1 of the Dungeon.
You visited 1 branch of the dungeon, and saw 1 of its levels.

You collected 7 gold pieces.

Inventory:

Hand Weapons
 a - a +0 rapier (weapon)
Missiles
 g - 7 stones
Armour
 b - a +0 scale mail (worn)
 c - a +0 buckler (worn)
Scrolls
 e - a scroll of fog {unknown}
 f - 3 scrolls of amnesia {unknown}
Potions
 d - a potion of might


   Skills:
 - Level 3.0 Fighting
 + Level 1.8 Short Blades
 + Level 2.7 Armour
 - Level 2.6 Shields
 * Level 0.3 Spellcasting


You couldn't memorise any spells.
You didn't know any spells.
Your spell library was empty.

Dungeon Overview and Level Annotations

Branches:
Dungeon (1/15)

Altars:


Message History

You now have 7 gold pieces.
A hobgoblin comes into view.
The hobgoblin shouts!
You see here 7 stones.
g - 7 stones The hobgoblin barely misses you.
You barely miss the hobgoblin. The hobgoblin barely misses you.
You closely miss the hobgoblin.
The hobgoblin hits you but does no damage.
You block the hobgoblin's attack.
You hit the hobgoblin.
You kill the hobgoblin!
You see here a hobgoblin corpse.
A kobold comes into view.
It is wielding a +2 short sword of freezing.
The kobold hits you with a +2 short sword of freezing.
The kobold freezes you.
You hit the kobold but do no damage. You block the kobold's attack.
You barely miss the kobold. The kobold barely misses you.
You closely miss the kobold. The kobold closely misses you.
You closely miss the kobold. The kobold barely misses you.
The kobold hits you with a +2 short sword of freezing.
The kobold freezes you.
You closely miss the kobold. The kobold hits you but does no damage.
You hit the kobold but do no damage.
The kobold hits you with a +2 short sword of freezing.
The kobold freezes you.
You hit the kobold.
The kobold is severely wounded.
The kobold hits you but does no damage.
You hit the kobold but do no damage.
The kobold is severely wounded.
The kobold hits you with a +2 short sword of freezing.
The kobold freezes you.
* * * LOW HITPOINT WARNING * * *
You barely miss the kobold.
The kobold is severely wounded.
The kobold hits you with a +2 short sword of freezing.
* * * LOW HITPOINT WARNING * * *
The kobold freezes you.
You die...

#. #. . #.# #..
####. #.# #..
..... #.# #..
#.#.# #.# #.#
#.#.# #.# #.#
#K#.####.#######..
#@#.#.............
#.#†#.##.#######..
#.#.#.##..........
#...............#.
###....########...
###### #### # # #


You could see a kobold.

Vanquished Creatures
  An endoplasm (D:1)
  A hobgoblin (D:1)
2 creatures vanquished.

Notes
Turn   | Place    | Note
-------+----------+-------------------------------------------
     0 | D:1      | IdlyInterested the Demonspawn Fighter began the quest for
                  | the Orb.
     0 | D:1      | Reached XP level 1. HP: 18/18 MP: 1/1
    80 | D:1      | Slain by a kobold

Illustrated notes

Levels and vault maps discovered:
D:1:      dpeg_arrival_subterranean_lakeside_camping, layout_loops_ring,
          serial_glass, glass_columns_a, glass_columns_b,
          shapermc_ecumenical_altar_ellora

Action                     || total
---------------------------++-------
  Melee: Rapier            ||    14
 Armour: Scale mail        ||     8
  Dodge: Dodged            ||     5
  Block: Buckler           ||     2

Table legend: (Time is in decaauts)
 A = Elapsed time spent in this place.
 B = Non-inter-level travel time spent in this place.
 C = Inter-level travel time spent in this place.
 D = Time resting spent in this place.
 E = Time spent auto-exploring this place.
 F = Levels seen in this place.
 G = Mean time per level.
                   A        B        C        D        E       F      G
               +--------+--------+--------+--------+--------+-----+--------+
         Total |     82 |     82 |      0 |      0 |     47 |   1 |   82.0 |
       Dungeon |     82 |     82 |      0 |      0 |     47 |   1 |   82.0 |
               +--------+--------+--------+--------+--------+-----+--------+

Top non-repeatable levels by time:
     D:1: 82 daAuts
